 Dungeon Crawl Stone Soup version 0.29.1-2-gbd0b4ee654 (webtiles) character file.

Game seed: 10196417607475463675

671 styxcanada the Covert (level 7, 0/49 (52) HPs)
             Began as a Spriggan Brigand on Nov 12, 2022.
             Was an Initiate of Gozag.
             Slain by a gnoll
             ... wielding a +0 spear
             ... led by a gnoll bouda
              (1 damage)
             ... on level 5 of the Dungeon.
             The game lasted 00:24:53 (7053 turns).

styxcanada the Covert (Spriggan Brigand)            Turns: 7053, Time: 00:24:54

HP:   0/49 (52)     AC: 23    Str:  7    XL:     7   Next: 32%
MP:   8/8           EV:  4    Int: 12    God:    Gozag
Gold: 205           SH:  0    Dex: 19    Spells: 6/6 levels left

rFire   . . .      SeeInvis +   a - +2 dagger
rCold   . . .      Faith    .   (no shield)
rNeg    . . .      Spirit   .   (body armour currently unavailable)
rPois   +          Reflect  .   (helmet currently unavailable)
rElec   .          Harm     .   (cloak currently unavailable)
rCorr   .          Rampage  .   (gloves unavailable)
Will    +....      NoTele   +   (boots unavailable)
Stlth   +++++.....              (no amulet)
HPRegen 0.16/turn               (no ring)
MPRegen 0.11/turn               (no ring)

@: tree-form, drained
A: stationary, stasis, torment immunity, boosted hp, very small, no large
weapons, unfitting armour, see invisible, (speed 3)
a: Renounce Religion, Potion Petition, Call Merchant, Bribe Branch


You were on level 5 of the Dungeon.
You worshipped Gozag.
Gozag was aware of your devotion.
You were a tree.
You visited 2 branches of the dungeon, and saw 6 of its levels.

You collected 393 gold pieces.
You spent 52 gold pieces at shops.
You paid 136 gold pieces to Gozag.

Inventory:

Hand Weapons
 a - a +2 dagger (weapon)
 s - a +1 dagger of distortion
Missiles
 k - 73 stones (quivered)
Armour
 b - a +0 robe (melded)
 c - a +0 cloak (melded)
Jewellery
 t - an amulet of reflection
 v - a ring of ice
Wands
 d - a wand of flame (6)
 j - a wand of polymorph (8)
Scrolls
 f - a scroll of amnesia
 g - a scroll of immolation
 i - 2 scrolls of identify
 p - 3 scrolls of teleportation
 q - a scroll of blinking
Potions
 u - a potion of mutation


   Skills:
 * Level 2.9 Fighting
 + Level 3.7 Short Blades
 + Level 3.2 Throwing
 * Level 5.0 Dodging
 * Level 9.7 Stealth
 + Level 0.4 Evocations


You had 6 spell levels left.
You didn't know any spells.
Your spell library contained the following spells:

 Spells                   Type           Power      Damage    Failure   Level
 Summon Small Mammal      Summ           0%         N/A       32%         1
 Scorch                   Fire           0%         2d5       45%         2
 Call Canine Familiar     Summ           0%         N/A       69%         3
 Summon Guardian Golem    Hex/Summ       0%         N/A       69%         3
 Flame Wave               Conj/Fire      0%         2d4       97%         4
 Summon Cactus Giant      Summ           0%         N/A       100%        6


Dungeon Overview and Level Annotations

Branches:
Dungeon (5/15)             Temple (1/1) D:5

Altars:
Ashenzari
Elyvilon
Fedhas
Gozag
Nemelex Xobeh
Okawaru
Qazlal
Ru
Sif Muna
Trog
Yredelemnul

Shops:
D:4 [?:


Innate Abilities, Weirdness & Mutations

You are a tree.
Your roots penetrate the ground, keeping you stationary.
You cannot be teleported.
You are immune to unholy pain and torment.
Your maximum health is greatly increased.
Your equipment is partially melded.
You are very small and have problems with some larger weapons.
You are too small for most types of armour.
You have supernaturally acute eyesight. (SInv)
((You cover ground extremely quickly. (Speed+++)))


Message History

The necrophage hits you but does no damage.
The gnoll completely misses you.
You hit the necrophage.
The necrophage is almost destroyed.
The necrophage hits you but does no damage.
The gnoll hits you but does no damage.
You hit the necrophage.
You destroy the necrophage!
Your Dodging skill increases to level 5!
You cannot move.
A gnoll is nearby!
The gnoll hits you but does no damage.
A gnoll is nearby!
Unknown command.
A gnoll is nearby!
A gnoll is nearby!
The gnoll hits you but does no damage. The gnoll hits you but does no damage.
The gnoll hits you but does no damage. The gnoll hits you but does no damage.
The gnoll hits you but does no damage. The gnoll hits you but does no damage.
The gnoll hits you but does no damage.
Unknown command.
The gnoll hits you but does no damage.
The gnoll hits you from afar with a +0 spear.
* * * LOW HITPOINT WARNING * * *
The gnoll hits you but does no damage. The gnoll barely misses you.
The gnoll hits you but does no damage. The gnoll hits you but does no damage.
The gnoll hits you from afar with a +0 spear.
* * * LOW HITPOINT WARNING * * *
The gnoll hits you but does no damage.
A gnoll is nearby!
The gnoll hits you from afar with a +0 spear.
* * * LOW HITPOINT WARNING * * *
The gnoll hits you from afar with a +0 spear.
You die...
Your body crumbles into a pile of gold.

#** *.#.#,.,,*,*,*,*
.,###.#.#.#***,*,*,*
.,+..>#.!.,,,,,*,*,*
.,*#..#.###*****,*,*
.,*#......,,,,,,,*,*
####.##.##########,*
........g....g.g.#,*
####.##.########.#,*
.....<#.# #♣#,*
##..###.# #$#,*
........# #.#,*
#.####### #.#,* #.#
#.#,* #.# #.#,* ..#
#.#,* .## #.#,* .#
#.#,*


You could see a gnoll.

Vanquished Creatures
  An ice beast (D:5)
  A necrophage (D:5)
  A scorpion (D:4)
  Ijyb (D:4)
  2 gnoll boudas
  Terence (D:3)
  An iguana (D:5)
  2 orc wizards (D:3)
  Robin (D:2)
  5 gnolls
  7 adders
  A white imp (D:4)
  An ufetubus (D:4)
  4 dart slugs
  11 orcs
  10 bats
  6 endoplasms
  6 giant cockroaches
  17 goblins
  18 hobgoblins
  4 jackals (D:2)
  10 kobolds
  8 quokkas
  5 ball pythons
  2 frilled lizards
  3 rats
129 creatures vanquished.

Vanquished Creatures (others)
  3 plants (D:1)
  3 toadstools (D:3)
6 creatures vanquished.

Grand Total: 135 creatures vanquished

Notes
Turn   | Place    | Note
-------+----------+-------------------------------------------
     0 | D:1      | styxcanada the Spriggan Brigand began the quest for the
                  | Orb.
     0 | D:1      | Reached XP level 1. HP: 10/10 MP: 2/2
    15 | D:1      | Reached skill level 6 in Stealth
   404 | D:1      | Reached XP level 2. HP: 13/14 MP: 3/3
   416 | D:1      | Found a faded altar of an unknown god.
   944 | D:1      | Reached skill level 7 in Stealth
  1243 | D:1      | Reached XP level 3. HP: 13/18 MP: 4/4
  1868 | D:2      | Noticed Robin
  1974 | D:2      | Reached XP level 4. HP: 4/23 MP: 5/5
  1991 | D:2      | HP: 1/23 [hobgoblin[Robin] (3)]
  2006 | D:2      | Killed Robin
  3432 | D:3      | Found a large runed translucent door.
  3494 | D:3      | Found a large runed translucent door.
  3506 | D:3      | Found a sparkling altar of Nemelex Xobeh.
  3518 | D:3      | Found a stormy altar of Qazlal.
  3738 | D:3      | Noticed Terence
  3771 | D:3      | Killed Terence
  3772 | D:3      | Reached skill level 8 in Stealth
  3772 | D:3      | Reached XP level 5. HP: 24/26 MP: 6/6
  3842 | D:3      | Found an iron altar of Okawaru.
  4844 | D:4      | Found Plog's Armour Shop.
  4857 | D:4      | Noticed Ijyb
  4963 | D:4      | Killed Ijyb
  4964 | D:4      | Reached XP level 6. HP: 14/32 MP: 7/7
  5197 | D:4      | Found Duschucw's Magic Scroll Shoppe.
  5205 | D:4      | Bought a scroll of identify for 26 gold pieces
  5205 | D:4      | Bought a scroll of identify for 26 gold pieces
  5435 | D:4      | Found Qolah's Book Emporium.
  5536 | D:4      | Reached skill level 9 in Stealth
  5992 | D:4      | Found a broken altar of Ashenzari.
  6222 | D:5      | Entered Level 5 of the Dungeon
  6274 | D:5      | Noticed an ice beast
  6281 | D:5      | Killed an ice beast
  6282 | D:5      | Reached XP level 7. HP: 35/35 MP: 8/8
  6316 | D:5      | Found a basalt altar of Yredelemnul.
  6701 | D:5      | Found a staircase to the Ecumenical Temple.
  6710 | Temple   | Entered the Ecumenical Temple
  6726 | Temple   | Became a worshipper of Gozag Ym Sagoz the Greedy
  6746 | D:5      | HP: 1/35 [iguana (10)]
  7036 | D:5      | Reached skill level 5 in Dodging
  7052 | D:5      | HP: 1/49 [gnoll/+0 spear[a gnoll bouda] (3)]
  7053 | D:5      | Slain by a gnoll

Illustrated notes

Levels and vault maps discovered:
D:1:      enne_arrival_octagon_isle, layout_rooms,
          dreamdust_ecumenical_altar_grove, serial_park_tiny_2, st_stairs_4,
          minmay_misc_feat_hallway, hangedman_decor_clover_reticule,
          hangedman_decor_points, minmay_misc_feat_tower
D:2:      layout_basic, minmay_tromino_i4, uniq_robin
D:3:      layout_loops_ring, okawaru_altar_gauntlet_db, jmf_multi_god_temple2,
          moated_statue, minmay_gold_behind_fungi, uniq_terence
D:4:      layout_rooms, mainiacjoe_overflow_concentric_impassable, serial_shops,
          shop_statue, shop, nicolae_shop_crystal, hangedman_glass_teeth,
          uniq_ijyb
D:5:      layout_basic, yredelemnul_altar_generic, minmay_temple_entry_glass
Temple:   eino_temple_water

Skill      XL: |  1  2  3  4  5  6  7 |
---------------+----------------------+-----
Stealth        | 6 7 8 9 |  9.7
Dodging        | 2 3 4 5 |  5.0
Fighting       | 2 |  2.9
Short Blades   | 3 |  3.7
Throwing       | 3 |  3.2
Evocations     | |  0.4

Action                   |  1- 3 |  4- 6 |  7- 9 || total
-------------------------+-------+-------+-------++-------
Melee: Dagger            |   125 |   225 |    44 ||   394
       Punch             |     1 |     1 |     1 ||     3
Throw: Dart              |    18 |    54 |     8 ||    80
       Stone             |       |     2 |     1 ||     3
Evoke: Wand              |       |       |    13 ||    13
  Use: Scroll            |       |     7 |     8 ||    15
       Potion            |       |       |     2 ||     2
 Stab: Sleeping          |    12 |    17 |       ||    29
       Distracted        |       |     2 |       ||     2
Armor: Robe              |    16 |    28 |     2 ||    46
       Skin              |       |       |    26 ||    26
Dodge: Dodged            |    87 |   162 |    41 ||   290
